AoeStats
← hotzmann

Arena

509504684Analyzed
3v3 RM · 5d ago on Sep 27, 2026· 43m 50s· 6 players
Game mode
Random Map
Map size
Normal (6 player)
Population
200
Speed
Normal
Resources
Standard
Victory
Conquest
Starting age
Dark Age
Ending age
Imperial Age
RankedLock teamsTeams togetherTeam positionsShared explorationLock speedFull tech treeHidden civsTurbo modeCheats
Victory
Defeat
🇺🇸 Burgundians · United States
1133
+13
🇲🇽 Saxons · Mexico
1088
+15
🇹🇼 Slavs · Taiwan
1074
+16
🇧🇴 Maya · Bolivia
1082
-15
🇵🇪 Japanese · Peru
1077
-15
🇦🇷 Vietnamese · Argentina
1049
-14
WERO84
9:51 Feudal Age
11:19 Double-Bit Axe
18:08 Castle Age
16:40 Stone Mining
16:33 Horse Collar
18:24 Wheelbarrow
19:27 Bow Saw
19:25 Heavy Plow
22:25 Scale Mail Armor
25:34 Gambesons
25:57 Padded Archer Armor
25:49 Fletching
26:49 Gold Mining
28:04 Thumb Ring
31:27 Imperial Age
31:04 Hand Cart
31:42 Chain Mail Armor
33:28 Gold Shaft Mining
32:55 Town Watch
33:53 Crop Rotation
33:08 Capped Ram
35:08 Leather Archer Armor
35:24 Plate Mail Armor
34:36 Siege Ram
35:12 Elite Varangian Guard
37:05 Ballistics
38:27 Town Patrol
38:42 Masonry
38:14 Treadmill Crane
38:50 Forging
39:11 Ring Archer Armor
38:36 Bodkin Arrow
38:08 Cranequins
41:56 Bracer
hotzmann
5:55 Double-Bit Axe
11:12 Feudal Age
14:46 Castle Age
13:01 Bow Saw
12:50 Horse Collar
13:38 Heavy Plow
16:14 Wheelbarrow
20:07 Loom
21:23 Gold Mining
22:54 Hand Cart
26:40 Imperial Age
24:52 Forging
24:47 Stone Mining
26:43 Gold Shaft Mining
26:44 Stone Shaft Mining
26:16 Padded Archer Armor
26:41 Town Watch
28:49 Leather Archer Armor
29:23 Guilds
31:35 Chemistry
34:14 Scale Barding Armor
36:02 Block Printing
36:08 Sanctity
39:05 Chain Barding Armor
單細胞
7:18 Loom
10:23 Feudal Age
11:59 Double-Bit Axe
17:02 Castle Age
15:08 Stone Mining
15:51 Horse Collar
20:03 Bow Saw
20:34 Wheelbarrow
21:24 Gold Mining
21:56 Hand Cart
23:43 Forging
23:33 Scale Mail Armor
25:53 Heavy Plow
26:03 Squires
26:09 Detinets
27:56 Pikeman
31:51 Imperial Age
29:53 Town Watch
31:54 Iron Casting
31:19 Scale Mail Armor
32:55 Gold Shaft Mining
31:58 Halberdier
33:02 Conscription
35:25 Man-at-Arms
36:07 Druzhina
35:33 Elite Boyar
36:23 Fletching
36:33 Padded Archer Armor
37:34 Blast Furnace
36:49 Chain Mail Armor
36:43 Scale Barding Armor
37:47 Two-Man Saw
37:19 Crop Rotation
42:03 Long Swordsman
43:17 Plate Mail Armor
43:52 Caravan
CharlyLeCox
3:15 Loom
12:19 Feudal Age
14:46 Wheelbarrow
17:41 Castle Age
15:48 Horse Collar
18:14 Double-Bit Axe
18:35 Stone Mining
19:54 Caravan
21:20 Gold Mining
22:17 Heavy Plow
22:28 Bow Saw
24:30 Stone Shaft Mining
28:29 Fletching
34:48 Imperial Age
33:25 Bodkin Arrow
33:31 Padded Archer Armor
35:20 Elite Plumed Archer
Maximo
13:51 Feudal Age
14:52 Double-Bit Axe
14:48 Horse Collar
15:01 Loom
18:11 Castle Age
19:05 Bow Saw
18:48 Gold Mining
19:08 Forging
19:01 Heavy Plow
18:41 Elite Skirmisher
20:09 Wheelbarrow
21:23 Stone Mining
24:39 Ballistics
24:51 Hand Cart
26:52 Stone Shaft Mining
26:13 Fletching
27:48 Thumb Ring
32:45 Imperial Age
30:46 Scale Barding Armor
32:16 Bloodlines
32:26 Husbandry
32:51 Chain Barding Armor
35:10 Paper Money
38:14 Chemistry
38:08 Masonry
39:02 Two-Man Saw
38:33 Crop Rotation
Alkaphrah
13:06 Feudal Age
13:53 Double-Bit Axe
15:54 Wheelbarrow
15:24 Double-Bit Axe
18:37 Castle Age
17:03 Loom
17:09 Stone Mining
18:36 Gold Mining
18:26 Horse Collar
26:24 Squires
26:12 Gambesons
26:40 Forging
30:58 Imperial Age
28:51 Scale Mail Armor
30:36 Iron Casting
31:37 Gold Shaft Mining
31:49 Elite Samurai
33:31 Chain Mail Armor
35:12 Conscription
35:36 Plate Mail Armor
37:00 Chemistry
38:34 Arson
39:52 Blast Furnace
Connection lost

Rejoining the realm…

Still unreachable

The connection could not be restored.

Session expired

The server has moved on; the page needs a fresh start.